 Dungeon Crawl Stone Soup version 0.27.1-34-g3ba077fa99 (webtiles) character file.

Game seed: 4904958703936107727

1598 cbfl8 the Protected (level 8, 0/60 HPs)
             Began as a Minotaur Wanderer on Jan 18, 2022.
             Was an Initiate of Yredelemnul.
             Slain by a +1 great sword of freezing (14 damage)
             ... created by the rancor of the Wu Jian Council
             ... on level 5 of the Dungeon.
             The game lasted 00:14:48 (6382 turns).

cbfl8 the Protected (Minotaur Wanderer)             Turns: 6382, Time: 00:14:49

Health: 0/60       AC: 16    Str: 16    XL:     8   Next: 62%
Magic:  7/7        EV:  8    Int: 11    God:    Yredelemnul [......]
Gold:   280        SH:  0    Dex: 11    Spells: 7/7 levels left

rFire    . . .     SeeInvis .   g - +2 short sword (elec)
rCold    . . .     Faith    .   (no shield)
rNeg     + . .     Spirit   .   m - +1 chain mail
rPois    .         Reflect  .   (helmet restricted)
rElec    .         Harm     .   j - +0 cloak
rCorr    .         Rampage  .   s - +0 pair of gloves
Will     .....                  h - +0 pair of boots
Stlth    ..........             (no amulet)
HPRegen  0.20/turn              t - ring of positive energy
MPRegen  0.10/turn              (no ring)

@: spiked, hasted, very quick
A: horns 2, retaliatory headbutt, frail 1, sense surroundings 1
a: Renounce Religion


You were on level 5 of the Dungeon.
You worshipped Yredelemnul.
Yredelemnul was noncommittal.
You visited 2 branches of the dungeon, and saw 7 of its levels.

You collected 280 gold pieces.

Inventory:

Hand Weapons
 a - a +2 quarterstaff
 b - a +0 falchion
 c - a +0 hand axe
 f - a +0 hand axe
 g - a +2 short sword of electrocution (weapon)
 x - a +0 whip of freezing
Missiles
 p - 7 silver javelins (quivered)
Armour
 d - a +0 robe
 h - a +0 pair of boots (worn)
 i - a +0 leather armour
 j - a +0 cloak (worn)
 m - a +1 chain mail (worn)
 s - a +0 pair of gloves (worn)
Jewellery
 t - a ring of positive energy (left hand)
Wands
 v - a wand of iceblast (9)
Scrolls
 k - a scroll of magic mapping
 n - a scroll of torment
Potions
 l - a potion of degeneration
Miscellaneous
 y - a phial of floods (inert)


   Skills:
 + Level 4.5 Fighting
 + Level 5.8 Short Blades
 + Level 1.2 Axes
 + Level 5.3 Staves
 + Level 8.6 Armour
 + Level 2.8 Dodging
 + Level 2.2 Stealth
 + Level 2.6 Shields
 + Level 0.4 Evocations


You had 7 spell levels left.
You didn't know any spells.
Your spell library contained the following spells:

 Spells                   Type           Power      Damage    Failure   Level
 Corona                   Hex            0%         N/A       99%         1
 Static Discharge         Conj/Air       0%         N/A       99%         2
 Dazzling Flash           Conj/Hex       0%         N/A       100%        3
 Agony                    Necr           0%         N/A       100%        5
 Lightning Bolt           Conj/Air       0%         1d11      100%        5
 Silence                  Hex/Air        0%         N/A       100%        5
 Yara's Violent Unravell  Hex/Tmut       0%         3d3       100%        5
 Death Channel            Necr           0%         N/A       100%        6
 Haunt                    Necr/Summ      0%         N/A       100%        7
 Maxwell's Capacitive Co  Air            0%         ∞         100%        8


Dungeon Overview and Level Annotations

Branches:
Dungeon (6/15)             Temple (1/1) D:6

Altars:
Ashenzari
Cheibriados
Dithmenos
Elyvilon
Fedhas
Gozag
Hepliaklqana
Kikubaaqudgha
Nemelex Xobeh
Okawaru
Qazlal
Ru
Sif Muna
Trog
Uskayaw
Vehumet
Wu Jian
Xom
Yredelemnul
Zin
The Shining One

Annotations:
D:5 3 runed translucent doors, Eustachio; Ironcache's ghost, novice HuGl; melkoren's ghost, novice DsGl


Innate Abilities, Weirdness & Mutations

You have a pair of horns on your head.
You reflexively headbutt those who attack you in melee.
You are frail. (-10% HP)
You passively map a small area around you.


Message History

The ice beast hits you but does no damage.
Unknown command.
You hit the ice beast but do no damage.
Lightning courses through the ice beast!
You kill the ice beast!
Yredelemnul accepts your kill.
You feel your intelligence returning.
Unknown command.
Unknown command.
You start resting.
HP restored.
You start waiting.
Sifu Gene Jian Bin says: Die by a thousand cuts! 4 dancing weapons come into view.
There is a +0 broad axe of electrocution.
There is a +1 great sword of freezing.
There is a +1 glaive of speed.
There is a +4 quarterstaff of speed.
The barbs in your skin will harm you if you move.
Continue?
Okay, then.
As you read the scroll of identify, it crumbles to dust.
n - a scroll of torment
As you read the scroll labelled JEASU ISIJA, it crumbles to dust.
It is a scroll of enchant weapon.
Your +1 short sword of electrocution glows red for a moment.
As you read the scroll labelled SASODA YGRIUR, it crumbles to dust.
You hear a loud clanging noise!
It was a scroll of noise.
The +1 glaive of speed hits you from afar.
It was a potion of mutation.
You feel extremely strange.
You feel frail.
You feel a strange attunement to the structure of the dungeons.
The +4 quarterstaff of speed hits you!
The +1 glaive of speed hits you from afar.
The +0 broad axe of electrocution hits you!
You are electrocuted!!
* * * LOW HITPOINT WARNING * * *
It was a potion of haste.
You feel yourself speed up. The +4 quarterstaff of speed hits you.
* * * LOW HITPOINT WARNING * * *
The +1 great sword of freezing hits you!
You die...
Your body rises from the dead as a mindless zombie.

#......#####.##########
#......#.....#....'.≈≈#
.......#.....#.####8.≈##
#......#.....#.#####.≈≈###
#......#...........'...'.#
'....[.#.#...#.###.#####.#
#......#.#.......#.#.##..#
#######........#(#.#....##
##########.#....@(...#.##
.................(>#.#.#
.#########.###(......#.#
.# #.....#.#######.###.###
.# #.......##............#
.# #(#.######......#######
.###...# #......# .....###
#.....## .....# #.....#


You could see 4 dancing weapons.

Vanquished Creatures
  Grinder (D:5)
  A sky beast (D:5)
  A black bear (D:5)
  2 ice beasts
  An ogre (D:5)
  A necrophage (D:4)
  A phantom (D:4)
  Blork the orc (D:5)
  A bullfrog (D:6)
  5 scorpions
  A howler monkey (D:4)
  A centaur zombie (D:5)
  2 hounds
  A jelly (D:5)
  A centaur skeleton (D:5)
  2 iguanas (D:5)
  A hound skeleton (D:4)
  6 adders
  An adder skeleton (D:4)
  3 dart slugs
  4 orcs
  7 ball pythons
  4 endoplasms
  3 giant cockroaches
  5 goblins
  7 hobgoblins
  4 jackals (D:2)
  5 kobolds
  3 quokkas
  4 bats
  4 frilled lizards
  A rat (D:1)
85 creatures vanquished.

Notes
Turn   | Place    | Note
-------+----------+-------------------------------------------
     0 | D:1      | cbfl8 the Minotaur Wanderer began the quest for the Orb.
     0 | D:1      | cbfl8 set off with the following items: a +2 quarterstaff,
                  | a +0 falchion, a +0 hand axe, a +0 robe
     0 | D:1      | Reached XP level 1. HP: 16/16 MP: 0/0
   124 | D:1      | Reached skill level 4 in Armour
   408 | D:1      | Reached XP level 2. HP: 23/23 MP: 1/1
  1676 | D:2      | Reached XP level 3. HP: 27/28 MP: 2/2
  1838 | D:2      | Found a glowing golden altar of the Shining One.
  1899 | D:2      | Found a faded altar of an unknown god.
  1915 | D:2      | Became a worshipper of the Wu Jian Council
  1915 | D:2      | Reached * piety under Wu Jian
  3171 | D:4      | Reached skill level 1 in Dodging
  3196 | D:4      | Noticed a scorpion
  3200 | D:4      | Killed a scorpion
  3201 | D:4      | Reached XP level 4. HP: 33/36 MP: 3/3
  3261 | D:4      | Noticed a scorpion
  3274 | D:4      | Killed a scorpion
  3275 | D:4      | Reached skill level 1 in Short Blades
  3275 | D:4      | Reached XP level 5. HP: 25/42 MP: 4/4
  3481 | D:4      | Noticed a necrophage
  3507 | D:4      | Reached ** piety under Wu Jian
  3691 | D:4      | Noticed a phantom
  3699 | D:4      | Killed a phantom
  3700 | D:4      | Reached skill level 5 in Armour
  3700 | D:4      | Reached XP level 6. HP: 49/50 MP: 5/5
  3910 | D:4      | Reached skill level 5 in Staves
  3961 | D:4      | Reached XP level 7. HP: 57/57 MP: 6/6
  4273 | D:5      | Entered Level 5 of the Dungeon
  4276 | D:5      | Noticed Blork the orc
  4277 | D:5      | Reached skill level 6 in Armour
  4292 | D:5      | Killed Blork the orc
  4521 | D:5      | Got the Papyrus of Black Rites and Enchantment
  4813 | D:5      | Reached skill level 7 in Armour
  4817 | D:5      | Noticed Eustachio
  4824 | D:5      | Reached XP level 8. HP: 46/66 MP: 7/7
  4831 | D:5      | HP: 3/66 [black bear (2)]
  5370 | D:5      | Noticed Grinder
  5387 | D:5      | Killed Grinder
  5388 | D:5      | Reached skill level 5 in Short Blades
  5388 | D:5      | Reached skill level 8 in Armour
  5580 | D:5      | Found a runed translucent gate.
  5580 | D:5      | Found a runed translucent gate.
  5581 | D:5      | Found a runed translucent gate.
  5582 | D:5      | Noticed Ironcache's ghost (novice HuGl)
  5582 | D:5      | Noticed melkoren's ghost (novice DsGl)
  6038 | D:6      | Found a staircase to the Ecumenical Temple.
  6047 | Temple   | Entered the Ecumenical Temple
  6163 | Temple   | Fell from the grace of Wu Jian
  6163 | Temple   | Became a worshipper of Yredelemnul the Dark
  6381 | D:5      | Gained mutation: You are frail. (-10% HP) [potion of
                  | mutation]
  6381 | D:5      | Gained mutation: You passively map a small area around you.
                  | [potion of mutation]
  6382 | D:5      | Slain by a +1 great sword of freezing

Illustrated notes

Levels and vault maps discovered:
D:1:      dpeg_arrival_tiny_a, layout_loops_ring
D:2:      layout_basic, hellmonk_ecumenical_altar_pennies_from_heaven,
          basic_altar, minmay_pentomino_r2
D:3:      layout_basic
D:4:      minmay_clustersquares, layout_cave_pools, minmay_misc_feat_rows,
          minmay_misc_feat_diagonals
D:5:      minmay_diamond_boxcup, layout_basic, gammafunk_ghost_cemetery,
          kennysheep_nondescript, solitary_fountain, uniq_eustachio,
          uniq_grinder, uniq_blork_the_orc
D:6:      layout_loops_corners, minmay_temple_entry_grid, gammafunk_ghost_hive
Temple:   compressed_dpeg_circular_temple

Skill      XL: |  1  2  3  4  5  6  7  8 |
---------------+-------------------------+-----
Armour         | 4 5 7 8 |  8.6
Staves         | 3 4 5 |  5.3
Dodging        | 1 2 |  2.8
Fighting       | 2 3 4 |  4.5
Short Blades   | 1 2 4 5 |  5.8
Stealth        | 2 |  2.2
Axes           | |  1.2
Shields        | |  2.6
Evocations     | |  0.4

Action                   |  1- 3 |  4- 6 |  7- 9 || total
-------------------------+-------+-------+-------++-------
Melee: Quarterstaff      |    58 |       |       ||    58
       Headbutt          |     9 |    10 |    20 ||    39
       Short sword       |    29 |    56 |   136 ||   221
Invok: Lunge             |     4 |     4 |     5 ||    13
       Whirlwind         |     3 |     6 |     8 ||    17
Evoke: Phial of floods   |       |       |     1 ||     1
  Use: Potion            |       |       |     7 ||     7
       Scroll            |       |       |     8 ||     8
 Stab: Sleeping          |     2 |       |       ||     2
Armor: Robe              |    11 |       |       ||    11
       Chain mail        |    32 |    38 |   147 ||   217
Dodge: Dodged            |    38 |    15 |    73 ||   126
